 Dungeon Crawl Stone Soup version 0.22-a0-181-gb22368a (webtiles) character file.

19668 Amnesiac the Thaumaturge (level 12, -14/74 HPs)
             Began as a Mummy Earth Elementalist on Feb 14, 2018.
             Was an Elder of Ashenzari.
             Demolished by a polar bear (21 damage)
             ... in an ice cave.
             The game lasted 00:34:31 (15035 turns).

Amnesiac the Thaumaturge (MuEE)                    Turns: 15035, Time: 00:34:32

Health: -14/74     AC:  8    Str: 11    XL:     12   Next: 38%
Magic:  6/27       EV: 13    Int: 19    God:    Ashenzari [****..]
Gold:   753        SH:  7    Dex: 13    Spells: 17/33 levels left

rFire    + . .     SeeInvis +   a - +2 dagger (elec)
rCold    + . .     Gourm    .   I - +2 buckler
rNeg     + + +     Faith    .   C - +0 steam dragon scales
rPois    ∞         Spirit   .   n - +1 helmet (curse)
rElec    .         Reflect  .   p - scarf {rC+ rF+} (curse)
rCorr    .         Harm     .   j - +0 pair of gloves (curse)
MR       +....     Clarity  +   (no boots)
Stlth    ++........             c - amulet of regeneration (curse)
HPRegen  0.62/turn              v - ring of fire (curse)
MPRegen  0.20/turn              (no ring)

@: no status effects
A: no food or potions, fire vulnerability, cold resistance 1, negative energy
resistance 3, torment resistance, unbreathing
a: Curse Item, Scrying, Renounce Religion


You were in an ice cave.
You worshipped Ashenzari.
Ashenzari was greatly pleased with you.
You were not hungry.

You visited 2 branches of the dungeon, and saw 15 of its levels.
You also visited: Ice Cave.

You collected 868 gold pieces.
You spent 115 gold pieces at shops.

Inventory:

Hand Weapons
 a - a +2 dagger of electrocution (weapon)
 b - the +7 dagger of Oweizi {pain, Dex+5 Stlth-}
   (You found it on level 6 of the Dungeon)

   In the hands of one skilled in necromantic magic, it inflicts extra damage on
   living creatures.
   It affects your dexterity (+5).
   It makes you less stealthy.
 H - a +0 blowgun
Missiles
 d - 321 arrows
 f - 8 curare-tipped needles
 l - 66 poisoned needles
 u - 353 stones (quivered)
 B - 35 sling bullets
Armour
 j - a cursed +0 pair of gloves (worn)
 n - a cursed +1 helmet (worn)
 p - a cursed scarf of resistance (worn)
 C - +0 steam dragon scales (worn)
 I - a +2 buckler (worn)
Jewellery
 c - a cursed amulet of regeneration (around neck)
 i - an uncursed ring of wizardry
 v - a cursed ring of fire (left hand)
Wands
 r - a wand of random effects (110)
 s - a wand of flame (25)
 z - a wand of disintegration (30)
 A - a wand of iceblast (10)
 L - a wand of enslavement (9)
Scrolls
 e - 7 scrolls of teleportation {!r}
 g - 6 scrolls of enchant armour {!r}
 h - 4 scrolls of enchant weapon {!r, unknown}
 k - 8 scrolls of identify {!r}
 m - 4 scrolls of amnesia {!r}
 o - 2 scrolls of blinking {!r, unknown}
 q - a scroll of immolation {!r, unknown}
 t - 5 scrolls of remove curse {!r}
 w - 3 scrolls of magic mapping {!r, unknown}
 x - 4 scrolls of fear {!r, unknown}
 y - a scroll of acquirement {!r, unknown}
 D - a scroll of brand weapon {!r, unknown}
 E - a scroll of silence {!r, unknown}
 G - a scroll of summoning {!r, unknown}
 J - a scroll of fog {!r, unknown}
 K - a scroll of vulnerability {!r}
Books
 N - a book of Cantrips

   Spells                             Type                      Level
   a - Confusing Touch                Hexes                        1
   b - Animate Skeleton               Necromancy                   1
   c - Summon Small Mammal            Summoning                    1
   d - Apportation                    Translocation                1
Miscellaneous
 F - a lightning rod (4/4)
 M - a box of beasts


   Skills:
 - Level 2.0 Short Blades
 - Level 1.5(3.1) Dodging
 - Level 2.0(3.7) Stealth
 - Level 4.6 Shields
 - Level 11.0 Spellcasting
 + Level 10.2(12.3) Transmutations
 - Level 11.0(13.0) Earth Magic


You had 17 spell levels left.
You knew the following spells:

 Your Spells              Type           Power        Failure   Level  Hunger
b - Passwall              Tmut/Erth      ######....   1%          2    N/A
c - Stone Arrow           Conj/Erth      #####.       1%          3    N/A
d - Lee's Rapid Deconstr  Erth           ######....   1%          5    N/A
e - Petrify               Tmut/Erth      ######..     1%          4    N/A
f - Sticks to Snakes      Tmut           ######..     1%          2    N/A

Dungeon Overview and Level Annotations

Branches:
Dungeon (14/15)            Temple (1/1) D:4            Lair (0/6) D:10
    Orc (0/2) D:11
 Vaults: D:13-14

Altars:
Ashenzari
Cheibriados
Dithmenos
Elyvilon
Fedhas
Gozag
Hepliaklqana
Kikubaaqudgha
Makhleb
Nemelex Xobeh
Okawaru
Qazlal
Ru
Sif Muna
Trog
Uskayaw
Vehumet
Wu Jian
Xom
Yredelemnul
Zin
The Shining One

Shops:
D:7 [


Innate Abilities, Weirdness & Mutations

You do not eat or drink.
Your flesh is vulnerable to fire.
You are immune to poison.
Your flesh is cold resistant. (rC+)
You are immune to negative energy. (rN+++)
You are immune to unholy pain and torment.
You can survive without breathing.


Message History

Okay, then.
Really read
k - 9 scrolls labeled YMNUOWN KOUZA {!r}?
As you read the scroll labeled YMNUOWN KOUZA {!r}, it crumbles to dust.
It is a scroll of identify.
K - a scroll of vulnerability {!r} The yak gores you but does no damage.
You closely miss the yak.
The yak is heavily wounded.
The yak gores you but does no damage. The yak gores you!
* * * LOW HITPOINT WARNING * * *
Okay, then. 2 wolves and 2 polar bears come into view.
A yak comes into view.
The polar bear growls angrily.
The wolf howls!
You hear a bellow!
The polar bear moves out of view.
A polar bear comes into view.
Really read
e - 8 scrolls of teleportation {!r}?
As you read the scroll of teleportation {!r}, it crumbles to dust.
You feel strangely unstable. The yak gores you but does no damage.
The yak barely misses you.
A yak comes into view.
The yak bellows!
You hear an angry growl.
The yak barely misses you. You block the wolf's attack.
A polar bear comes into view.
The wolf bites you but does no damage. The polar bear completely misses you.
The polar bear closely misses you. The polar bear claws you.
* * * LOW HITPOINT WARNING * * *
The wolf bites you but does no damage. The wolf barely misses you.
What are your orders? t - Shout!
Orders for allies: a - Attack new target. p - Attack previous target. r - Retreat! s - Stop attacking. g - Guard the area. f - Follow me.
Anything else - Cancel.
You shout for attention!
The wolf bites you but does no damage. The polar bear bites you.
* * * LOW HITPOINT WARNING * * *
The polar bear claws you.
* * * LOW HITPOINT WARNING * * *
The polar bear barely misses you. The wolf barely misses you.
The yak completely misses you. You block the wolf's attack.
What are your orders? t - Shout!
Orders for allies: a - Attack new target. p - Attack previous target. r - Retreat! s - Stop attacking. g - Guard the area. f - Follow me.
Anything else - Cancel.
You shout for attention!
Your surroundings suddenly seem different. 2 wolves and a polar bear come into view.
The helpless polar bear fails to defend itself.
You impale the polar bear!!
Lightning courses through the polar bear!
The polar bear is severely wounded.
The wolf howls! x2; You hear a howl!
The polar bear goes berserk!
You block the wolf's attack.
The wolf pauses to sniff the ground.
You hear an angry growl.
Unknown command.
Really read
m - 5 scrolls labeled KICVOL ZOLOME {!r}?
As you read the scroll labeled KICVOL ZOLOME {!r}, it crumbles to dust.
It is a scroll of amnesia.
Your memory of Sandblast unravels.
The polar bear bites you!!
You die...

### #..#
#...#
##hh# ,* *
* #@h#*
*,, #..#*
,,* * ,,.
#..# * *
..., *
..##* *
...., *
#.#*≈ * ,*
*,.....,,
* ..#*≈ ,
#..... .##
* ,*
###...#..,
* .* * * *
#.hYhh.# ,
* ≈≈ *


You could see a polar bear (berserk) and 2 wolves.

Vanquished Creatures
  Fannar (D:11)
  A hydra (D:14)
  3 skeletal warriors
  4 unseen horrors
  Pikel (D:7)
  A deep elf mage (D:12)
  3 ugly things
  A cyclops (D:11)
  A komodo dragon (D:12)
  A gargoyle (D:11)
  A troll (D:12)
  A hornet (D:11)
  3 hippogriffs
  A wraith (D:13)
  A spriggan (D:11)
  Sigmund (D:2)
  2 vampires
  A wyvern (D:12)
  A hungry ghost (D:11)
  8 yaks
  Menkaure (D:7)
  A steam dragon (D:9)
  An acid dragon (D:12)
  2 insubstantial wisps (D:9)
  A swamp drake (D:11)
  3 slaves (D:7)
  4 sky beasts
  8 orc warriors
  4 ice beasts
  9 ogres
  8 centaurs
  A phantom (D:7)
  A crocodile (D:13)
  4 big kobolds
  8 bullfrogs
  A wyvern zombie (D:10)
  A scorpion (D:10)
  12 killer bees
  2 howler monkeys
  5 crimson imps
  A bullfrog zombie (D:10)
  2 centaur zombies
  19 orc wizards
  13 hounds
  A jelly (D:9)
  4 bullfrog skeletons
  3 centaur skeletons
  10 orc priests
  2 quasits
  Terence (D:2)
  2 iguanas
  7 worker ants
  A hound zombie (D:5)
  A hound skeleton (D:11)
  3 worker ant zombies
  A howler monkey zombie (D:6)
  7 gnolls
  A howler monkey skeleton (D:6)
  12 adders
  5 shadow imps
  12 white imps (D:14)
  7 oozes
  An adder skeleton (D:4)
  4 worms
  8 leopard geckos
  55 orcs
  3 ball pythons
  3 giant cockroaches
  8 goblins
  7 hobgoblins
  14 jackals
  5 quokkas
  8 bats
  3 frilled lizards
  A jackal zombie (D:6)
  19 kobolds
  A leopard gecko zombie (D:5)
  A quokka skeleton (D:5)
  3 quokka zombies
  15 rats
388 creatures vanquished.

Vanquished Creatures (others)
  A slave (D:7)
  A bullfrog (D:7)
2 creatures vanquished.

Grand Total: 390 creatures vanquished

Notes
Turn   | Place    | Note
-------+----------+-------------------------------------------
     0 | D:1      | Amnesiac the Mummy Earth Elementalist began the quest for the Orb.
     0 | D:1      | Reached XP level 1. HP: 13/13 MP: 4/4
   272 | D:1      | Reached XP level 2. HP: 17/19 MP: 5/5
   405 | D:2      | Found a shattered altar of Ashenzari.
   418 | D:2      | Became a worshipper of Ashenzari the Shackled
   644 | D:1      | Reached XP level 3. HP: 24/24 MP: 2/7
   648 | D:1      | Learned a level 2 spell: Passwall
  1148 | D:2      | Found a glowing golden altar of the Shining One.
  1290 | D:2      | Noticed an ogre
  1296 | D:2      | Killed an ogre
  1296 | D:2      | Reached XP level 4. HP: 30/30 MP: 3/10
  1296 | D:2      | Reached XP level 5. HP: 35/35 MP: 3/11
  1305 | D:2      | Learned a level 4 spell: Petrify
  1311 | D:2      | Learned a level 5 spell: Lee's Rapid Deconstruction
  1738 | D:2      | Noticed Sigmund
  1742 | D:2      | Killed Sigmund
  1742 | D:2      | Reached skill level 1 in Short Blades
  1742 | D:2      | Reached XP level 6. HP: 37/41 MP: 8/13
  1991 | D:2      | Noticed Terence
  2150 | D:2      | Killed Terence
  2150 | D:2      | Reached skill level 5 in Spellcasting
  2150 | D:2      | Reached skill level 5 in Earth Magic
  2371 | D:2      | Found a hazy altar of Hepliaklqana.
  3070 | D:3      | Reached XP level 7. HP: 42/46 MP: 12/14
  3100 | D:3      | Reached * piety under Ashenzari
  3705 | D:4      | Reached skill level 1 in Transmutations
  4210 | D:4      | Found a staircase to the Ecumenical Temple.
  4360 | D:4      | Learned a level 3 spell: Stone Arrow
  4748 | Temple   | Entered the Ecumenical Temple
  5054 | D:5      | Entered Level 5 of the Dungeon
  5054 | D:5      | Reached ** piety under Ashenzari
  5130 | D:5      | Reached XP level 8. HP: 52/52 MP: 10/17
  5184 | D:5      | Found a shimmering altar of Xom.
  5191 | D:5      | Found a shadowy altar of Dithmenos.
  5212 | D:5      | Got the war axe of Komeaf {freeze, rF+++ Str-4 Int-4 Dex+8}
  5213 | D:5      | Identified the +7 war axe of Komeaf {freeze, rF+++ Str-4 Int-4 Dex+8} (You found it on level 5 of the Dungeon)
  5385 | D:5      | Found a bloodstained altar of Trog.
  5385 | D:5      | Found an ornate altar of the Wu Jian Council.
  5385 | D:5      | Found a stormy altar of Qazlal.
  5388 | D:5      | Found a burning altar of Makhleb.
  6357 | D:6      | Got the dagger of Oweizi {pain, Dex+5 Stlth-}
  6358 | D:6      | Identified the +7 dagger of Oweizi {pain, Dex+5 Stlth-} (You found it on level 6 of the Dungeon)
  6483 | D:7      | Found Siweyt's Antique Armour Emporium.
  6528 | D:7      | Bought a glowing leather armour for 115 gold pieces
  6669 | D:7      | Found a white marble altar of Elyvilon.
  6903 | D:8      | Reached *** piety under Ashenzari
  6979 | D:8      | Noticed a hippogriff
  6990 | D:8      | Killed a hippogriff
  7003 | D:7      | Noticed Menkaure
  7007 | D:7      | Reached XP level 9. HP: 46/57 MP: 13/21
  7015 | D:7      | Killed Menkaure
  7518 | D:7      | Noticed Pikel
  7543 | D:7      | Killed Pikel
  8003 | D:7      | Found an opulent altar of Gozag.
  8380 | D:7      | Found a basalt altar of Yredelemnul.
  8616 | D:8      | Found an iron altar of Okawaru.
  8968 | D:9      | Reached skill level 10 in Spellcasting
  8968 | D:9      | Reached skill level 10 in Earth Magic
  8987 | D:9      | Reached XP level 10. HP: 63/63 MP: 17/24
  9704 | D:10     | Entered Level 10 of the Dungeon
  9709 | D:9      | Reached skill level 1 in Shields
  9818 | D:10     | Noticed a skeletal warrior
  9824 | D:10     | Noticed a skeletal warrior
 10001 | D:9      | Killed a skeletal warrior
 10148 | D:10     | Noticed a skeletal warrior
 10243 | D:9      | Killed a skeletal warrior
 10354 | D:10     | Killed a skeletal warrior
 10623 | D:10     | Learned a level 2 spell: Sticks to Snakes
 11311 | D:10     | Reached XP level 11. HP: 44/68 MP: 15/26
 11453 | D:10     | Reached **** piety under Ashenzari
 11520 | D:10     | Found a staircase to the Lair.
 11782 | D:11     | Noticed an unseen horror
 11866 | D:11     | Killed an unseen horror
 11950 | D:11     | Noticed Fannar
 11966 | D:11     | Killed Fannar
 12084 | D:11     | Noticed a cyan ugly thing
 12209 | D:11     | Killed a cyan ugly thing
 12209 | D:11     | Reached skill level 5 in Transmutations
 12380 | D:11     | Found a staircase to the Orcish Mines.
 13123 | D:12     | Noticed an unseen horror
 13133 | D:12     | Killed an unseen horror
 13205 | D:12     | Noticed a purple ugly thing
 13218 | D:12     | Killed a purple ugly thing
 13699 | D:12     | Noticed a deep elf mage
 13710 | D:12     | Killed a deep elf mage
 13710 | D:12     | Reached XP level 12. HP: 32/74 MP: 1/27
 14939 | D:14     | Noticed a seven-headed hydra
 14953 | D:14     | Killed a seven-headed hydra
 14953 | D:14     | Reached skill level 10 in Transmutations
 14988 | D:14     | Found a frozen archway.
 15007 | IceCv    | Entered an ice cave
 15035 | IceCv    | Demolished by a polar bear

Vault maps used:
D:1:      onia_arrival_larder, minmay_unequal
D:2:      tso_metal_star, lemuel_doored_altar, marbit_many_paths, minivault_27,
          uniq_sigmund, uniq_terence
D:4:      minmay_temple_entry_trees
D:5:      minitemple, first_ration
D:6:      minmay_holes, st_stairs_12
D:7:      kennysheep_ying_yang, kennysheep_mini_moat, serial_shops, shop,
          uniq_pikel, uniq_menkaure
D:8:      old_standard_altar
D:9:      hangedman_misty_isle
D:10:     lair_entry_dummy
D:11:     erik_orc_1, the_bakery, uniq_fannar
D:12:     serial_glass, glass_columns_c, glass_columns_b
D:14:     grunt_vaults_entry_fortified, portal_ice_cave_entry_imps, basic_altar
Temple:   compressed_dpeg_triangle_lava_temple
IceCv:    ice_cave_small_giant

Skill      XL: |  1  2  3  4  5  6  7  8  9 10 11 12 |
---------------+-------------------------------------+-----
Spellcasting   | 3 4 5 6 8 10 11 | 11.0
Earth Magic    | 3 4 5 6 8 10 11 | 11.0
Stealth        | 2 |  2.0
Short Blades   | 1 2 |  2.0
Transmutations | 1 8 10 | 10.2
Shields        | 4 |  4.6
Dodging        | |  1.5

Action                   |  1- 3 |  4- 6 |  7- 9 | 10-12 || total
-------------------------+-------+-------+-------+-------++-------
Melee: Unarmed           |     8 |       |       |       ||     8
       Dagger            |    66 |   222 |   263 |   562 ||  1113
       War axe           |       |       |    10 |       ||    10
 Fire: Fustibalus        |       |       |   166 |       ||   166
 Cast: Sandblast         |    24 |    46 |    47 |    38 ||   155
       Passwall          |     1 |     4 |     2 |     9 ||    16
       Petrify           |       |     4 |    34 |    83 ||   121
       Lee's Rapid Decon |       |       |     8 |    56 ||    64
Invok: Curse Item        |       |     3 |       |     2 ||     5
  Use: Scroll            |     2 |       |       |     3 ||     5
 Stab: Sleeping          |     8 |     6 |     5 |    10 ||    29
       Petrified         |       |     8 |    40 |   102 ||   150
       Petrifying        |       |     1 |     2 |    11 ||    14
       Distracted        |       |       |     2 |       ||     2
Armor: Robe              |    29 |    65 |    97 |       ||   191
       Steam dragon scal |       |       |       |   186 ||   186
Dodge: Dodged            |    51 |   156 |   260 |   319 ||   786
Block: Buckler           |       |       |       |   167 ||   167

Table legend:
 A = Spawn XP
 B = Non-spawn XP
 C = Spawn XP percentage of total XP
 D = Spawn monster count
 E = Non-spawn monster count
 F = Spawn count percentage of total count
 G = Total turns spent on level
                    A         B        C        D         E        F      G
               +---------+---------+-------+---------+---------+-------+---------
         Total |       0 |   28098 |   0.0 |       0 |     385 |   0.0 | 15035
               +---------+---------+-------+---------+---------+-------+---------
           D:1 |       0 |      56 |   0.0 |       0 |      34 |   0.0 |  1141
           D:2 |       0 |     533 |   0.0 |       0 |      36 |   0.0 |  1426
           D:3 |       0 |     173 |   0.0 |       0 |      25 |   0.0 |  1046
           D:4 |       0 |     458 |   0.0 |       0 |      24 |   0.0 |  1203
           D:5 |       0 |     343 |   0.0 |       0 |      11 |   0.0 |   640
           D:6 |       0 |     426 |   0.0 |       0 |      23 |   0.0 |   886
           D:7 |       0 |    2369 |   0.0 |       0 |      38 |   0.0 |  1768
           D:8 |       0 |     620 |   0.0 |       0 |      10 |   0.0 |   879
           D:9 |       0 |    3522 |   0.0 |       0 |      32 |   0.0 |  1571
          D:10 |       0 |    3010 |   0.0 |       0 |      34 |   0.0 |   980
          D:11 |       0 |    5309 |   0.0 |       0 |      41 |   0.0 |  1160
          D:12 |       0 |    6054 |   0.0 |       0 |      33 |   0.0 |  1121
          D:13 |       0 |    3453 |   0.0 |       0 |      30 |   0.0 |   828
          D:14 |       0 |    1772 |   0.0 |       0 |      14 |   0.0 |    77
               +---------+---------+-------+---------+---------+-------+---------
